 Dungeon Crawl Stone Soup version 0.18-a0-1120-g03bd624 (webtiles) character file.

303 truemonolith the Chopper (level 6, -10/57 HPs)
             Began as a Deep Dwarf Fighter on Jan 16, 2016.
             Killed by divine providence
             ... invoked by an orc priest
              (11 damage)
             ... on level 4 of the Dungeon on Jan 17, 2016.
             The game lasted 00:06:50 (2187 turns).

truemonolith the Chopper (Deep Dwarf Fighter)       Turns: 2187, Time: 00:06:50

Health: -10/57     AC: 10    Str: 22    XL:     6   Next: 15%
Magic:  6/6        EV:  7    Int:  8    God:
Gold:   109        SH:  9    Dex: 12    Spells: 0 memorised, 5 levels left

rFire  . . .     SeeInvis .     a - +1 war axe
rCold  . . .     Gourm    .     b - +0 scale mail
rNeg   . . .     Faith    .     c - +0 shield
rPois  .         Spirit   .     (no helmet)
rElec  .         Dismiss  .     i - +0 cloak
rCorr  .         Reflect  .     (no gloves)
SustAt .         Harm     .     u - +1 pair of boots
MR     .....                    (no amulet)
Stlth  ..........               (no ring)
                                (no ring)

@: non-regenerating, not resistant to hostile enchantments, extremely unstealthy
A: damage resistance, recharge devices, sense surroundings 1, slow regeneration
3
a: Device Recharging


You were on level 4 of the Dungeon.
You were not hungry.

You visited 1 branch of the dungeon, and saw 4 of its levels.

You collected 109 gold pieces.

Inventory:

Hand Weapons
 a - a +1 war axe (weapon)
Armour
 b - a +0 scale mail (worn)
 c - a +0 shield (worn)
 i - a +0 cloak (worn)
 u - a +1 pair of boots (worn)
Jewellery
 p - an uncursed ring of positive energy
 q - an uncursed ring of resist corrosion
Wands
 e - a wand of heal wounds (3/9)
Scrolls
 h - 5 scrolls of identify
 m - a scroll of enchant weapon
Potions
 d - a potion of might
 g - a potion of invisibility
 j - 2 potions of haste {unknown}
 k - 2 potions of brilliance {unknown}
 l - a potion of flight {unknown}
 n - a potion of curing
 o - a potion of cancellation {unknown}
 r - 2 potions of magic {unknown}
 t - a potion of lignification {unknown}
Comestibles
 f - a bread ration
 s - a meat ration


   Skills:
 + Level 3.6 Fighting
 - Level 6.5 Axes
 - Level 3.2 Armour
 - Level 3.2 Shields


You had 5 spell levels left.
You didn't know any spells.

Dungeon Overview and Level Annotations

Branches:
Dungeon (4/15)
 Temple: D:4-7

Altars:
Ru


Innate Abilities, Weirdness & Mutations

You are resistant to damage.
You can recharge devices by infusing magical energy.
You passively map a small area around you.
You do not regenerate naturally.


Message History

The orc closely misses you.
The orc priest casts a cantrip, but nothing happens.
The giant frog skeleton hits you but does no damage.
The giant frog skeleton hits you.
* * * LOW HITPOINT WARNING * * *
The orc priest calls down the wrath of Beogh upon you.
Something smites you!
* * * LOW HITPOINT WARNING * * *
A quokka comes into view.
You bump into the rock wall.
The giant frog skeleton hits you.
* * * LOW HITPOINT WARNING * * *
You bump into the rock wall.
You feel less confused.
You block the giant frog skeleton's attack.
The orc wizard gestures at you while chanting.
The puff of flame hits you! Something hits you but does no damage.
The giant frog skeleton barely misses you.
The orc priest calls down the wrath of Beogh upon you.
Something smites you!
You die...

#####. #.## .#### # #.
#..# * ......... , #
#...#.### ##.... ..# , #
###..(..###...###.. ,, ,,
# #####........#..## * , #
#####...#.#. ... ,
########.......#.###.####*
,, ,
.........#####...##.....#
, , ####### *
#..@o.o.o..#, #
#...Z.o.r....# #
#..##......### #
#...........# #
#...###.......* * #####
#.#.# ......#.. ..(.#
..#.# #..<..# #, ....#
#..#.. #.....# ....# *
#####


You could see an orc priest, an orc wizard, 2 orcs, a quokka and a giant frog
skeleton.

Vanquished Creatures
  A giant frog (D:3)
  A giant frog skeleton (D:4)
  Jessica (D:3)
  An iguana (D:4)
  An orc wizard (D:3)
  A worker ant (D:4)
  A gnoll (D:1)
  4 adders
  2 oozes
  2 worms
  5 orcs
  3 giant cockroaches
  3 goblins
  A hobgoblin (D:3)
  3 jackals (D:3)
  5 kobolds
  5 quokkas
  4 ball pythons
  3 bats
  6 giant newts
  10 rats
63 creatures vanquished.

Notes
Turn   | Place    | Note
--------------------------------------------------------------
     0 | D:1      | truemonolith the Deep Dwarf Fighter began the quest for the Orb.
     0 | D:1      | Reached XP level 1. HP: 20/20 MP: 1/1
    74 | D:1      | Reached XP level 2. HP: 27/27 MP: 2/2
   279 | D:1      | Upgraded the game from 0.18-a0-1109-gfc003ac to 0.18-a0-1120-g03bd624
   537 | D:2      | Found a faded altar to an unknown god.
   579 | D:2      | Reached XP level 3. HP: 33/33 MP: 3/3
   610 | D:2      | Reached skill level 4 in Axes
  1487 | D:3      | Noticed a giant frog
  1493 | D:3      | Killed a giant frog
  1493 | D:3      | Reached skill level 5 in Axes
  1493 | D:3      | Reached XP level 4. HP: 15/40 MP: 4/4
  1592 | D:3      | Reached XP level 5. HP: 9/46 MP: 5/5
  1669 | D:3      | Noticed Jessica
  1676 | D:3      | Killed Jessica
  1676 | D:3      | Reached skill level 6 in Axes
  1738 | D:3      | Found a sacrificial altar of Ru.
  2055 | D:4      | Reached XP level 6. HP: 33/56 MP: 6/6
  2184 | D:4      | HP: 2/57 [orc priest/divine providence (15)]
  2187 | D:4      | Killed from afar by an orc priest

Vault maps used:
D:1:      minmay_arrival_open_corners
D:2:      ecumenical_altar_2
D:3:      nicolae_ru_sacrificial_ziggurat, minivault_27, uniq_jessica

Action                   |  1- 3 |  4- 6 || total
-------------------------+-------+-------++-------
Melee: War axe           |   127 |    99 ||   226
Evoke: Wand              |     1 |     4 ||     5
  Use: Potion            |     2 |     1 ||     3
       Scroll            |       |     7 ||     7
  Eat: Bread ration      |     1 |       ||     1
